 Dungeon Crawl Stone Soup version 0.31-a0-1206-g41278d8d1d (webtiles) character file.

Game seed: 14302724343873301831

269 BubbleThief the Changeling (level 6, -2/47 HPs)
             Began as a Merfolk Shapeshifter on Dec 14, 2023.
             Slain by a kobold brigand
             ... wielding a +0 short sword
              (5 damage)
             ... on level 3 of the Dungeon.
             The game lasted 00:04:48 (2983 turns).

BubbleThief the Changeling (Merfolk Shapeshifter)   Turns: 2983, Time: 00:04:49

Health: -2/47      AC:  2    Str: 16    XL:     6   Next: 22%
Magic:  6/6        EV: 14    Int:  9    God:
Gold:   139        SH:  0    Dex: 14    Spells: 5/5 levels left

rFire   . .          .
                       - Unarmed
rCold   . . .        (no shield)
rNeg    . . .        a - +0 animal skin
rPois   .            (helmet currently unavailable)
rElec   .            (cloak currently unavailable)
rCorr   .            (gloves currently unavailable)
SInv    .            (boots currently unavailable)
Will    +....        (no amulet)
Stlth   +            (no ring)
HPRegen 0.27/turn    (no ring)
MPRegen 0.10/turn

%: no passive effects
@: beast-form, enlightened, flying
A: beast (slay +3), (nimble swimmer 2), mertail
a: Begin Untransformation


You were on level 3 of the Dungeon.
You were a hulking beast.
You visited 1 branch of the dungeon, and saw 4 of its levels.

You collected 139 gold pieces.

Inventory:

Armour
 a - a +0 animal skin (worn)
Talismans
 c - a beast talisman
 d - a flux talisman
Wands
 m - a wand of flame (18)
Scrolls
 e - a scroll of enchant armour {unknown}
 g - 2 scrolls of amnesia {unknown}
 h - a scroll of torment {unknown}
 i - 2 scrolls of revelation {unknown}
 j - 3 scrolls of identify {unknown}
 l - a scroll of noise {unknown}
 o - a scroll of butterflies {unknown}
 q - a scroll of teleportation {unknown}
Potions
 b - a potion of lignification
 f - a potion of enlightenment
 k - a potion of ambrosia {unknown}
 n - a potion of resistance {unknown}
 p - a potion of curing {unknown}


   Skills:
 + Level 3.3 Fighting
 + Level 4.7 Dodging
 + Level 4.7 Unarmed Combat
 + Level 5.3 Shapeshifting


You had 5 spell levels left.
You didn't know any spells.
Your spell library contained the following spells:

 Spells                   Type           Power      Damage    Failure   Level
 Summon Small Mammal      Summ           0%         N/A       38%         1
 Call Canine Familiar     Summ           0%         N/A       77%         3
 Summon Guardian Golem    Hex/Summ       0%         N/A       77%         3


Dungeon Overview and Level Annotations

Branches:
Dungeon (4/15)
 Temple: D:4-7

Altars:

Shops:
D:1 ?   D:3 *


Innate Abilities, Weirdness & Mutations

You are a hulking beast.
Your limbs bulge with bestial killing power. (Slay +3)
((You are very nimble when in or above water. (Stealth+, EV+, Speed+++)))
Your lower body shifts to a powerful aquatic tail in water.


Message History

You barely miss the iguana.
The iguana is severely wounded.
The iguana misses you.
The kobold brigand hits you with a +0 short sword.
You punch the iguana!
You kill the iguana!
The kobold brigand hits you with a +0 short sword.
You hit the kobold brigand.
The kobold brigand is lightly wounded.
The kobold brigand hits you with a +0 short sword.
You are too injured to fight recklessly!
You are too injured to fight recklessly!
You are too injured to fight recklessly!
You hit the kobold brigand but do no damage.
The kobold brigand is lightly wounded.
The kobold brigand hits you with a +0 short sword.
You hit the kobold brigand.
The kobold brigand is moderately wounded.
You miss the kobold brigand.
You punch the kobold brigand, but do no damage.
The kobold brigand is moderately wounded.
The kobold brigand hits you with a +0 short sword.
* * * LOW HITPOINT WARNING * * *
You hit the kobold brigand but do no damage.
Your punch misses the kobold brigand.
The kobold brigand is moderately wounded.
The kobold brigand hits you with a +0 short sword.
* * * LOW HITPOINT WARNING * * *
You hit the kobold brigand.
The kobold brigand is moderately wounded.
The kobold brigand hits you with a +0 short sword.
* * * LOW HITPOINT WARNING * * *
You closely miss the kobold brigand.
The kobold brigand is moderately wounded.
The kobold brigand closely misses you.
It was a potion of enlightenment.
You feel very buoyant.
You fly up into the air.
The kobold brigand hits you with a +0 short sword.
You die...

#####.###.#..###..# ##.....#.#
#..##...## #..######..#####..
##.###..####.........## ##. #
#......##........##########. #
####...##.<.................
########........#####...########.
..........#...##### ###...#####..
###.......#..##K..## ##......#...
............##8.h.8###.......#.#.
##..........#.......#..........#.
###.........#.<.8..†...........#.
#.........#.......#..........#.
#####.....##8.>.8##..........#.
#......##...##.............
#.......#####...........#..
##.......................#..
##.................)......##.


You could see a kobold brigand.

Vanquished Creatures
  Jessica (D:2)
  An iguana (D:3)
  Natasha (thrice) (D:2)
  3 gnolls (D:2)
  4 adders
  A worm (D:2)
  2 dart slugs
  An orc (D:3)
  5 endoplasms
  5 giant cockroaches
  6 goblins
  5 hobgoblins
  8 jackals
  3 quokkas
  3 ball pythons
  6 bats
  3 frilled lizards
  6 kobolds
  9 rats
75 creatures vanquished.

Notes
Turn   | Place    | Note
-------+----------+-------------------------------------------
     0 | D:1      | BubbleThief the Merfolk Shapeshifter began the quest for
                  | the Orb.
     0 | D:1      | Reached XP level 1. HP: 15/15 MP: 1/1
   122 | D:1      | Reached XP level 2. HP: 12/21 MP: 2/2
   263 | D:1      | Found Woegic's Magic Scroll Shop.
   715 | D:1      | Reached XP level 3. HP: 26/27 MP: 3/3
  1570 | D:2      | Noticed Jessica
  1577 | D:2      | Killed Jessica
  1578 | D:2      | Reached XP level 4. HP: 18/33 MP: 4/4
  1789 | D:2      | Noticed Natasha
  1803 | D:2      | Killed Natasha
  1984 | D:2      | Reached XP level 5. HP: 39/39 MP: 5/5
  2180 | D:2      | Noticed Natasha
  2186 | D:2      | Killed Natasha
  2187 | D:2      | Reached skill level 5 in Shapeshifting
  2308 | D:2      | Noticed Natasha
  2318 | D:2      | Killed Natasha
  2589 | D:3      | Reached XP level 6. HP: 44/47 MP: 6/6
  2681 | D:3      | Found Diereavy's Assorted Antiques.
  2845 | D:3      | Found a faded altar of an unknown god.
  2981 | D:3      | HP: 2/47 [kobold brigand/+0 short sword (6)]
  2983 | D:3      | Slain by a kobold brigand

Illustrated notes

Levels and vault maps discovered:
D:1:      dpeg_arrival_signposts, layout_loops_corners, serial_shops, shop
D:2:      layout_basic, uniq_jessica, uniq_natasha
D:3:      layout_rooms, dreamdust_ecumenical_altar_angels_and_demons,
          serial_shops, shop_statue, chequers_serial_rivers_room_b,
          grunt_ministairs_7
D:4:      layout_rooms, lemuel_tele_altar, minmay_temple_entry_purple_smoke,
          uniq_edmund, uniq_sigmund, uniq_ijyb

Skill      XL: |  1  2  3  4  5 |
---------------+----------------+-----
Dodging        | 3 4 |  4.7
Fighting       | 2 3 |  3.3
Unarmed Combat | 4 |  4.7
Shapeshifting  | 5 |  5.3

Action                     |  1- 3 |  4- 6 || total
---------------------------+-------+-------++-------
  Melee: Unarmed           |   119 |   121 ||   240
         Punch             |     3 |     7 ||    10
    Use: Potion            |       |     1 ||     1
   Stab: Sleeping          |     3 |     1 ||     4
 Armour: Animal skin       |    48 |    51 ||    99
  Dodge: Dodged            |    71 |    75 ||   146

Table legend: (Time is in decaauts)
 A = Elapsed time spent in this place.
 B = Non-inter-level travel time spent in this place.
 C = Inter-level travel time spent in this place.
 D = Time resting spent in this place.
 E = Time spent auto-exploring this place.
 F = Levels seen in this place.
 G = Mean time per level.
                   A        B        C        D        E       F      G
               +--------+--------+--------+--------+--------+-----+--------+
         Total |   2964 |   2888 |     76 |      4 |   2395 |   4 |  741.0 |
       Dungeon |   2964 |   2888 |     76 |      4 |   2395 |   4 |  741.0 |
               +--------+--------+--------+--------+--------+-----+--------+

Top non-repeatable levels by time:
     D:2: 1310 daAuts
     D:1: 1176 daAuts
     D:3: 464 daAuts
     D:4: 13 daAuts
